 Dungeon Crawl Stone Soup version 0.23.0-3-gf3c87f2 (webtiles) character file.

Game seed: 10812561192929896575

7913 sking99 the Fighter (level 11, -2/151 HPs)
             Began as a Minotaur Berserker on Feb 23, 2019.
             Was a High Priest of Trog.
             Slain by an orc warrior
             ... wielding a +0 trident
              (7 damage)
             ... on level 11 of the Dungeon.
             The game lasted 00:19:15 (8998 turns).

sking99 the Fighter (Minotaur Berserker)            Turns: 8998, Time: 00:19:15

Health: -2/151     AC:  8    Str: 27    XL:     11   Next: 3%
Magic:  3/3        EV: 19    Int:  4    God:    Trog [*****.]
Gold:   680        SH:  0    Dex: 16    Spells: 10/10 levels left

rFire    . . .     SeeInvis .   M - +5 hand axe (antimagic)
rCold    . . .     Gourm    .   (no shield)
rNeg     . . .     Faith    .   q - +0 troll leather armour {Purgy}
rPois    .         Spirit   .   (helmet restricted)
rElec    .         Reflect  .   (no cloak)
rCorr    .         Harm     .   (no gloves)
MR       .....                  (no boots)
Stlth    ..........             G - amulet of magic regeneration
HPRegen  0.75/turn              C - +3 ring of dexterity
MPRegen  0.33/turn              l - +3 ring of protection

@: berserking, very quick
A: retaliatory headbutt, horns 2
a: Berserk, Trog's Hand, Brothers in Arms, Renounce Religion


You were on level 11 of the Dungeon.
You worshipped Trog.
Trog was extremely pleased with you.
You were hungry.

You visited 1 branch of the dungeon, and saw 11 of its levels.

You collected 680 gold pieces.

Inventory:

Hand Weapons
 M - a +5 antimagic hand axe (weapon)
Armour
 b - a +0 animal skin
 q - a +0 troll leather armour (worn) {Purgy}
 y - a +0 chain mail
Jewellery
 j - an uncursed ring of magical power
 l - a +3 ring of protection (right hand)
 C - a +3 ring of dexterity (left hand)
 G - an amulet of magic regeneration (around neck)
Wands
 F - a wand of paralysis (7)
 I - a wand of iceblast (9)
 J - a wand of flame (34)
Scrolls
 d - 6 scrolls of remove curse
 e - 3 scrolls of teleportation
 f - a scroll of noise {unknown}
 h - a scroll of fog
 m - 2 scrolls of immolation
 r - 3 scrolls of amnesia {unknown}
 t - 2 scrolls of random uselessness {unknown}
 u - 2 scrolls of enchant armour {unknown}
 A - a scroll of fear {unknown}
 B - a scroll of enchant weapon
 H - 3 scrolls of identify
 L - a scroll of magic mapping {unknown}
Potions
 g - 5 potions of heal wounds
 i - 3 potions of lignification
 k - a potion of brilliance {unknown}
 n - 2 potions of haste
 o - a potion of agility {unknown}
 p - 2 potions of cancellation
 s - a potion of invisibility
 v - 2 potions of might {unknown}
 w - a potion of magic {unknown}
 x - 4 potions of degeneration {unknown}
 z - 4 potions of curing {unknown}
 D - 2 potions of flight {unknown}
Comestibles
 c - 20 rations


   Skills:
 + Level 10.7 Fighting
 + Level 10.7 Axes
 + Level 10.4 Armour
 + Level 9.7 Dodging


You had 10 spell levels left.
You didn't know any spells.
Your spell library was empty.

Dungeon Overview and Level Annotations

Branches:
Dungeon (11/15)            Temple (0/1) D:5             Orc (0/2) D:10
   Lair: D:8-11

Altars:
Cheibriados
Dithmenos
Gozag
Makhleb
Nemelex Xobeh
Ru
Sif Muna
Trog
Uskayaw
Yredelemnul

Shops:
D:7 ?*

Annotations:
D:8 2 transporters


Innate Abilities, Weirdness & Mutations

You reflexively headbutt those who attack you in melee.
You have a pair of horns on your head.


Message History

The frost giant freezes you. The orc warrior completely misses you.
You completely miss the bullfrog. You headbutt the bullfrog.
You kill the bullfrog!
Trog accepts your kill.
You slash the frost giant!
The frost giant's magic leaks into the air.
You hit the frost giant.
The frost giant's magic leaks into the air.
You headbutt the frost giant!
The frost giant is moderately wounded.
You slash the frost giant!
The frost giant's magic leaks into the air.
You headbutt the frost giant, but do no damage.
The frost giant is moderately wounded.
The frost giant hits you with a +1 battleaxe of freezing!!!
* * * LOW HITPOINT WARNING * * *
The frost giant freezes you!
* * * LOW HITPOINT WARNING * * *
The orc warrior hits you from afar with a +0 trident!
You die...

#. #.#..# ..
...≈≈≈≈≈≈
#.##≈≈≈≈≈≈≈≈
####.#≈≈§≈#####
....≈§§8##....
#.≈≈≈§##...
#§§≈.8#..#
##§§<..C..#
#.§§>.@(..#
#.§§§.8#o.#
#.t§§≈.# ....
##§F≈≈≈8 ....
##.#≈≈≈≈ ###
...t≈≈≈≈ ≈≈
####...≈≈≈ ≈
P.l##.##


You could see a frost giant, an orc warrior, a crocodile, a bullfrog and an
iguana.

Vanquished Creatures
  A two-headed ogre (D:10)
  Pikel (D:9)
  A cyclops (D:11)
  Joseph (D:10)
  A hornet (D:10)
  3 hippogriffs
  6 yaks (D:9)
  A hungry ghost (D:6)
  Menkaure (D:5)
  2 water moccasins (D:10)
  Purgy (D:3)
  2 black bears
  An ice beast (D:10)
  3 sky beasts
  2 necrophages
  2 orc warriors (D:7)
  A hornet zombie (D:7)
  2 phantoms
  5 ogres
  4 centaurs
  2 big kobolds
  5 bullfrogs
  2 scorpions
  2 howler monkeys
  A crimson imp (D:8)
  A bullfrog zombie (D:10)
  8 hounds
  3 quasits (D:9)
  4 orc priests
  4 jellies
  A bullfrog skeleton (D:10)
  Natasha (D:2)
  4 iguanas
  6 orc wizards
  6 worker ants
  A worker ant zombie (D:5)
  Robin (D:3)
  7 gnolls
  13 adders
  A shadow imp (D:8)
  An ooze (D:4)
  An adder skeleton (D:4)
  2 worms (D:5)
  A dart slug (D:2)
  5 leopard geckos
  31 orcs
  A ball python (D:3)
  6 giant cockroaches
  16 goblins
  11 hobgoblins
  12 jackals
  12 kobolds
  6 quokkas
  9 bats
  6 frilled lizards
  10 rats
244 creatures vanquished.

Notes
Turn   | Place    | Note
-------+----------+-------------------------------------------
     0 | D:1      | sking99 the Minotaur Berserker began the quest for the Orb.
     0 | D:1      | Reached XP level 1. HP: 19/19 MP: 0/0
   137 | D:1      | Reached XP level 2. HP: 27/27 MP: 1/1
   392 | D:1      | Reached XP level 3. HP: 31/33 MP: 2/2
   419 | D:1      | Reached ** piety under Trog
   681 | D:2      | Reached XP level 4. HP: 32/41 MP: 3/3
  1420 | D:2      | Noticed Natasha
  1425 | D:2      | Killed Natasha
  1425 | D:2      | Reached XP level 5. HP: 47/47 MP: 4/4
  1492 | D:2      | Found a snail-covered altar of Cheibriados.
  2231 | D:3      | Found a sacrificial altar of Ru.
  2241 | D:3      | Reached skill level 5 in Fighting
  2241 | D:3      | Reached skill level 5 in Axes
  2424 | D:3      | Noticed Purgy
  2430 | D:3      | Killed Purgy
  2430 | D:3      | Reached XP level 6. HP: 56/56 MP: 5/5
  2487 | D:3      | Noticed Robin
  2497 | D:3      | Killed Robin
  2651 | D:3      | Reached *** piety under Trog
  3460 | D:4      | Found a shadowy altar of Dithmenos.
  3476 | D:4      | Reached skill level 5 in Armour
  3476 | D:4      | Reached XP level 7. HP: 62/62 MP: 6/6
  3923 | D:4      | Reached skill level 5 in Dodging
  4401 | D:5      | Entered Level 5 of the Dungeon
  4524 | D:5      | Noticed Menkaure
  4548 | D:5      | Killed Menkaure
  4548 | D:5      | Reached XP level 8. HP: 71/71 MP: 7/7
  4757 | D:5      | Found a staircase to the Ecumenical Temple.
  4826 | D:5      | Noticed a moth of wrath
  4829 | D:5      | Found a bloodstained altar of Trog.
  5213 | D:5      | Found a basalt altar of Yredelemnul.
  5512 | D:6      | Reached **** piety under Trog
  5875 | D:6      | Found a burning altar of Makhleb.
  6013 | D:7      | Found Itausexe's Magic Scroll Shop.
  6056 | D:7      | Found Xeschoapsa's General Store.
  6065 | D:7      | Reached XP level 9. HP: 81/81 MP: 2/8
  6285 | D:7      | Found a hide-covered altar of Uskayaw.
  6485 | D:8      | Found an opulent altar of Gozag.
  6541 | D:8      | Reached ***** piety under Trog
  6694 | D:8      | Found a sparkling altar of Nemelex Xobeh.
  6827 | D:8      | Found a transporter.
  7228 | D:8      | Found a transporter.
  7375 | D:9      | Found a deep blue altar of Sif Muna.
  7681 | D:9      | Reached XP level 10. HP: 74/91 MP: 3/9
  7745 | D:9      | Noticed Pikel
  7755 | D:9      | Killed Pikel
  7969 | D:10     | Entered Level 10 of the Dungeon
  8006 | D:10     | Reached skill level 10 in Fighting
  8006 | D:10     | Reached skill level 10 in Axes
  8014 | D:10     | Found a staircase to the Orcish Mines.
  8230 | D:10     | Received a gift from Trog
  8261 | D:10     | Noticed Joseph
  8276 | D:10     | Killed Joseph
  8276 | D:10     | Reached skill level 10 in Armour
  8577 | D:10     | Noticed a two-headed ogre
  8585 | D:10     | Killed a two-headed ogre
  8984 | D:11     | Noticed a cyclops
  8988 | D:11     | Noticed a frost giant
  8991 | D:11     | Killed a cyclops
  8991 | D:11     | Reached XP level 11. HP: 77/101 MP: 3/10
  8998 | D:11     | HP: 5/151 [frost giant/+1 battleaxe of freezing (17)]
  8998 | D:11     | Slain by an orc warrior

Skill      XL: |  1  2  3  4  5  6  7  8  9 10 |
---------------+-------------------------------+-----
Fighting       | 4 5 6 7 9 10 | 10.7
Axes           | 4 5 6 7 9 10 | 10.7
Armour         | 3 4 5 6 7 9 10 | 10.4
Dodging        | 3 4 5 6 8 9 |  9.7

Action                   |  1- 3 |  4- 6 |  7- 9 | 10-12 || total
-------------------------+-------+-------+-------+-------++-------
Melee: Hand axe          |    58 |   135 |   328 |   132 ||   653
       Headbutt          |    10 |    24 |    92 |    41 ||   167
Invok: Berserk           |     1 |     5 |     6 |     3 ||    15
  Use: Scroll            |       |     1 |     8 |       ||     9
       Potion            |       |     1 |       |       ||     1
 Stab: Paralysed         |       |     1 |       |       ||     1
       Sleeping          |       |     1 |     3 |       ||     4
  Eat: Chunk             |       |    13 |    17 |     6 ||    36
       Ration            |       |       |     1 |       ||     1
Armor: Animal skin       |     7 |     3 |       |       ||    10
       Troll leather arm |       |     5 |    54 |    13 ||    72
Dodge: Dodged            |    43 |    93 |   214 |    92 ||   442
